 Dungeon Crawl Stone Soup version 0.31-a0-1405-g2bb1a01664 (webtiles) character file.

Game seed: 13410711230580943570

100 avis the Changeling (level 4, 24/24 HPs)
             Began as a Felid Shapeshifter on Dec 25, 2023.
             Was an Initiate of Gozag.
             Got out of the dungeon alive.
             The game lasted 00:14:25 (2836 turns).

avis the Changeling (Felid Shapeshifter)            Turns: 2836, Time: 00:14:26

Health: 24/24      AC:  1    Str: 10    XL:     4   Next: 47%
Magic:  5/5        EV: 18    Int: 14    God:    Gozag
Gold:   180        SH:  0    Dex: 17    Spells: 3/3 levels left
                                        Lives:  1   Deaths: 1

rFire   . .          .
                       - Unarmed
rCold   . . .        (shield unavailable)
rNeg    . . .        (body armour unavailable)
rPois   .            (helmet unavailable)
rElec   .            (cloak unavailable)
rCorr   .            (gloves unavailable)
SInv    +            (boots unavailable)
Will    .....        (no amulet)
Stlth   ++           (no ring)
HPRegen 0.24/turn    (no ring)
MPRegen 0.09/turn

%: no passive effects
@: beast-form
A: beast (slay +2), very small, claws 1, fangs 3, see invisible, shaggy fur 1,
stealthy paws, no weapons or thrown items, no armour, multi-lived
a: Begin Untransformation, Renounce Religion, Potion Petition, Call Merchant,
Bribe Branch


You escaped.
You worshipped Gozag.
Gozag was aware of your devotion.
You were a hulking beast.
You visited 1 branch of the dungeon, and saw 4 of its levels.

You collected 251 gold pieces.
You paid 71 gold pieces to Gozag.

Inventory:

Talismans
 b - a beast talisman
 c - a flux talisman
Wands
 o - a wand of digging (1)
Scrolls
 d - 2 scrolls of revelation {unknown}
 e - 4 scrolls of enchant weapon {unknown}
 h - 2 scrolls of teleportation {unknown}
 j - a scroll of enchant armour {unknown}
 k - a scroll of acquirement {unknown}
 l - a scroll of identify {unknown}
 p - a scroll of noise {unknown}
Potions
 a - a potion of lignification
 f - 3 potions of curing {unknown}
 g - a potion of enlightenment {unknown}
 i - 2 potions of berserk rage {unknown}
 m - a potion of cancellation {unknown}
 n - a potion of resistance {unknown}


   Skills:
 - Level 3.0 Fighting
 * Level 3.5 Dodging
 - Level 3.0 Unarmed Combat
 - Level 3.5 Shapeshifting


You had 3 spell levels left.
You didn't know any spells.
Your spell library contained the following spells:

 Spells                   Type           Power      Damage    Failure   Level
 Static Discharge         Conj/Air       0%         3-3/arc   41%         2
 Airstrike                Air            0%         2d(0-16)  96%         4
 Summon Lightning Spire   Summ/Air       0%         N/A       96%         4


Dungeon Overview and Level Annotations

Branches:
Dungeon (4/15)
 Temple: D:4-7

Altars:
Gozag
Sif Muna
Trog
Zin

Shops:
D:1 !   D:2 *

Annotations:
D:3 1 runed translucent door, RepHenryClay's ghost, amateur FoHu


Innate Abilities, Weirdness & Mutations

You are a hulking beast.
Your limbs bulge with bestial killing power. (Slay +2)
You have sharp claws.
You have razor-sharp teeth.
You have supernaturally acute eyesight. (SInv)
You are covered in fur. (AC +1)
Your paws help you pounce on unaware monsters.
You are incapable of wielding weapons or throwing items.
You cannot wear armour.
You gain extra lives every three experience levels.


Message History

The scorpion poisons you!
You feel sick.
There is a stone staircase leading up here.
You feel sick. The scorpion misses you.
You climb upwards.
Level annotation: 1 runed translucent door, RepHenryClay's ghost, amateur FoHu You feel sick.
There is a stone staircase leading down here.
You scratch the scorpion.
The scorpion is lightly wounded.
You feel sick. The scorpion stings you.
You scratch the scorpion.
The scorpion is moderately wounded.
You feel sick. The scorpion completely misses you.
You closely miss the scorpion.
You bite the scorpion, but do no damage.
The scorpion is moderately wounded.
You feel sick. The scorpion stings you.
* * * LOW HITPOINT WARNING * * *
The scorpion stings you.
You die...
Your shape twists and changes as you die.
You are more poisoned.
The scorpion poisons you!
You rejoin the land of the living...
What level of the Dungeon? (default 3, ? - help) RepHenryClay's ghost turns its malevolent gaze towards you.
You hear an angry hiss. x2
There is a stone staircase leading up here.
RepHenryClay's ghost says, "Do you think the gods will protect you?"
You climb upwards.
There is a stone staircase leading down here.
There is a stone staircase leading up here.
You climb upwards.
There is a stone staircase leading down here.
You see here a +0 pair of boots.
You open the door.
There is an open door here.
There is a staircase leading out of the dungeon here.
You have escaped!

#.##....# #.#.#.##...#.###.#
#.##.##.# #.......#........#
#.##.##.# #......###.#.###.#
#.......# #.###.#.#..#.# #.#
####.#### #.# #.##.#.#.###.#
#.# ###.###.##.#....##.# #.#
###..............#.#.# #.#
##...############.....#
#.####...###h.~♣~♣P~##.#.#.#
#......#.#.#.....~~P#...##.#
######...#.#~~♣.....'..###.#
##.#..#~PP~♣.~♣#..# #.##
########.#..######'######
#..# #..............# #...#
#.#. ##.######......## ##..#
##.# #...#########..# #..#
#.# #)#............#####..#
#.#


There were no monsters in sight!

Vanquished Creatures
  3 adders
  2 dart slugs
  2 orcs
  7 endoplasms
  3 giant cockroaches
  6 goblins
  12 hobgoblins
  A quokka (D:1)
  11 ball pythons
  5 bats
  6 kobolds
  A rat (D:2)
59 creatures vanquished.

Notes
Turn   | Place    | Note
-------+----------+-------------------------------------------
     0 | D:1      | avis the Felid Shapeshifter began the quest for the Orb.
     0 | D:1      | Reached XP level 1. HP: 10/10 MP: 2/2
    64 | D:1      | Reached XP level 2. HP: 8/14 MP: 3/3
   461 | D:1      | Found a faded altar of an unknown god.
   661 | D:1      | Found Guzxepp's Distillery.
   837 | D:2      | Reached XP level 3. HP: 17/18 MP: 4/4
   937 | D:2      | Found Loced's Assorted Antiques.
  1657 | D:3      | Found a runed translucent door.
  1669 | D:3      | Noticed RepHenryClay's ghost (amateur FoHu)
  1839 | D:3      | Found a shimmering blue altar of Sif Muna.
  1961 | D:3      | Found a bloodstained altar of Trog.
  2040 | D:3      | Reached XP level 4. HP: 12/23 MP: 5/5
  2040 | D:3      | Gained a life (2 lives remaining)
  2198 | D:3      | Identified the +3 dagger "Xuoroff" {holy, rElec}
  2365 | D:3      | Found an opulent altar of Gozag.
  2373 | D:3      | Became a worshipper of Gozag Ym Sagoz the Greedy
  2494 | D:3      | Found a glowing silver altar of Zin.
  2645 | D:4      | Noticed a scorpion
  2767 | D:3      | Slain by a scorpion
  2767 | D:3      | Lost a life (1 life remaining)
  2836 | D:$      | Got out of the dungeon alive.

Illustrated notes

Levels and vault maps discovered:
D:1:      tarquinn_simple_flora_water_f, layout_loops_ring, serial_shops, shop,
          nicolae_ecumenical_snake_handling
D:2:      cheibrodos_greedy_goblins, layout_loops_ring, serial_shops, shop
D:3:      layout_basic, pdpol_temple_overflow_zin_treasury_gozag_greed,
          overflow_temple_1_default, mainiacjoe_overflow_alcove_4,
          ebering_ghost_sewer_d
D:4:      layout_cave_pools, serial_park, serial_park_tiny_2,
          serial_park_square1 [serial_park_minivault_5x5_6], serial_park_tiny_1,
          serial_park_square1 [serial_park_minivault_5x5_7],
          serial_bayou_crossing, uniq_blork_the_orc

Skill      XL: |  1  2  3  4 |
---------------+-------------+-----
Shapeshifting  | 3 |  3.5
Fighting       | 2 3 |  3.0
Dodging        | 3 |  3.5
Unarmed Combat | |  3.0

Action                     |  1- 3 |  4- 6 || total
---------------------------+-------+-------++-------
  Melee: Unarmed           |   120 |    18 ||   138
         Bite              |     5 |     1 ||     6
   Stab: Sleeping          |     5 |       ||     5
 Armour: Skin              |    32 |     8 ||    40
  Dodge: Dodged            |    83 |    15 ||    98

Table legend: (Time is in decaauts)
 A = Elapsed time spent in this place.
 B = Non-inter-level travel time spent in this place.
 C = Inter-level travel time spent in this place.
 D = Time resting spent in this place.
 E = Time spent auto-exploring this place.
 F = Levels seen in this place.
 G = Mean time per level.
                   A        B        C        D        E       F      G
               +--------+--------+--------+--------+--------+-----+--------+
         Total |   2831 |   2442 |    389 |    222 |   1639 |   4 |  707.8 |
       Dungeon |   2831 |   2442 |    389 |    222 |   1639 |   4 |  707.8 |
               +--------+--------+--------+--------+--------+-----+--------+

Top non-repeatable levels by time:
     D:3: 1026 daAuts
     D:2: 877 daAuts
     D:1: 867 daAuts
     D:4: 59 daAuts
